 Dungeon Crawl Stone Soup version 0.28.0-45-g0d030f2227 (webtiles) character file.

Game seed: 6195899898001280842

2509 Zeor the Cruncher (level 9, 0/55 HPs)
             Began as a Gargoyle Gladiator on Apr 8, 2022.
             Was an Initiate of Wu Jian.
             Slain by a two-headed ogre
             ... wielding a +0 giant club
              (23 damage)
             ... on level 8 of the Dungeon.
             The game lasted 00:22:47 (9213 turns).

Zeor the Cruncher (Gargoyle Gladiator)              Turns: 9213, Time: 00:22:47

Health: 0/55       AC: 21    Str: 22    XL:     9   Next: 53%
Magic:  9/9        EV:  9    Int:  9    God:    Wu Jian [......]
Gold:   483        SH:  0    Dex: 17    Spells: 8/8 levels left

rFire   . . .      SeeInvis .   u - +3 whip (elec)
rCold   . . .      Faith    .   (no shield)
rNeg    + . .      Spirit   .   f - +1 chain mail
rPois   ∞          Reflect  .   q - +2 helmet
rElec   +          Harm     .   (no cloak)
rCorr   .          Rampage  .   (no gloves)
Will    .....                   (no boots)
Stlth   ..........              (no amulet)
HPRegen 0.18/turn               e - +6 ring of dexterity
MPRegen 0.11/turn               (no ring)

@: no status effects
A: sickness immunity, AC +6, negative energy resistance 1, electricity
resistance, torment resistance 1, petrification resistance
a: Renounce Religion


You were on level 8 of the Dungeon.
You worshipped Wu Jian.
Wu Jian was noncommittal.
You visited 2 branches of the dungeon, and saw 9 of its levels.

You collected 483 gold pieces.

Inventory:

Hand Weapons
 a - a +0 quarterstaff
 b - a +0 arbalest of freezing
 l - a +2 dagger of freezing
 s - a +2 whip of draining
 u - a +3 whip of electrocution (weapon)
Missiles
 d - 6 boomerangs (quivered)
 g - 9 poisoned darts
 i - 178 arrows
Armour
 f - a +1 chain mail (worn)
 q - a +2 helmet (worn)
Jewellery
 e - a +6 ring of dexterity (left hand)
 j - a ring of wizardry
Wands
 n - a wand of polymorph (11)
Scrolls
 c - 3 scrolls of immolation
 h - 4 scrolls of teleportation
 m - 3 scrolls of fear
 o - 2 scrolls of magic mapping
 v - a scroll of blinking
Potions
 k - a potion of heal wounds
 p - 2 potions of ambrosia
 t - a potion of might
 w - a potion of berserk rage


   Skills:
 * Level 6.1 Fighting
 + Level 8.7 Staves
 + Level 2.0 Throwing
 * Level 7.6 Armour
 + Level 3.4 Dodging
 + Level 2.1 Stealth


You had 8 spell levels left.
You didn't know any spells.
Your spell library contained the following spells:

 Spells                   Type           Power      Damage    Failure   Level
 Magic Dart               Conj           0%         1d3       95%         1
 Searing Ray              Conj           0%         2d4       99%         2
 Mephitic Cloud           Conj/Pois/Air  0%         N/A       100%        3
 Fulminant Prism          Conj/Hex       0%         3d6       100%        4
 Leda's Liquefaction      Hex/Erth       0%         N/A       100%        4
 Freezing Cloud           Conj/Ice/Air   0%         6-21      100%        5
 Lee's Rapid Deconstruct  Erth           0%         3d5*      100%        5
 Lightning Bolt           Conj/Air       0%         1d11      100%        5
 Storm Form               Tmut/Air       0%         N/A       100%        7
 Statue Form              Tmut/Erth      Unusable   N/A       N/A         6

Dungeon Overview and Level Annotations

Branches:
Dungeon (8/15)             Temple (1/1) D:6
   Lair: D:8-11

Altars:
Ashenzari
Cheibriados
Dithmenos
Elyvilon
Gozag
Hepliaklqana
Kikubaaqudgha
Makhleb
Nemelex Xobeh
Okawaru
Qazlal
Ru
Sif Muna
Trog
Uskayaw
Vehumet
Wu Jian
Xom
Yredelemnul
Zin
The Shining One

Shops:
D:7 [

Annotations:
D:3 3 runed translucent doors, pkoi's ghost, amateur DgVM


Innate Abilities, Weirdness & Mutations

You are immune to sickness and miasma.
Your stone body is resilient. (AC +6)
You are immune to poison.
You resist negative energy. (rN+)
You are resistant to electric shocks. (rElec)
You are resistant to unholy torment.
You are immune to petrification.


Message History

You whack the bullfrog! Lightning courses through the bullfrog!
You kill the bullfrog!
The Council accepts your kill.
Press: ? - help, v - describe, . - travel An alarm trap.
A two-headed ogre comes into view. It is wielding two +0 giant clubs.
The two-headed ogre shouts in stereo!
Throw: dart (curare)
Press: ? - help, Shift-Dir - straight line, f - two-headed ogre
Aim: a two-headed ogre, wielding two +0 giant clubs (77% to hit)
You throw a curare-tipped dart.
The curare-tipped dart barely misses the two-headed ogre.
You whack the two-headed ogre!
The two-headed ogre is lightly wounded.
The two-headed ogre hits you but does no damage.
The two-headed ogre hits you with a +0 giant club.
You hit the two-headed ogre.
The two-headed ogre is moderately wounded.
The two-headed ogre barely misses you.
The two-headed ogre hits you with a +0 giant club!
You hit the two-headed ogre but do no damage.
The two-headed ogre is moderately wounded.
The two-headed ogre hits you but does no damage. x2
You hit the two-headed ogre.
The two-headed ogre is moderately wounded.
You hit the two-headed ogre.
The two-headed ogre is moderately wounded.
The two-headed ogre hits you but does no damage. x2
You see here a +0 morningstar.
You hit the two-headed ogre but do no damage.
Lightning courses through the two-headed ogre!
The two-headed ogre is heavily wounded.
The two-headed ogre hits you but does no damage.
The two-headed ogre hits you with a +0 giant club!
You hit the two-headed ogre.
The two-headed ogre is severely wounded.
You barely miss the two-headed ogre.
The two-headed ogre is severely wounded.
The two-headed ogre hits you with a +0 giant club!!
You die...

∙∙∙▒▒▒
▒▒▒∙∙∙▒▒▒∙▒▒ ∙▒▒
▒▒▒∙∙▒∙∙▒∙∙▒ ▒
∙∙∙∙▒∙∙∙∙∙▒▒▒▒▒
∙∙∙∙∙∙∙∙∙∙∙∙∙∙∙▒
∙∙▒▒▒▒▒▒∙∙∙∙∙∙∙∙∙▒
▒ ▒∙∙∙∙∙∙∙∙∙▒
▒∙∙∙∙∙∙∙∙∙▒
▒∙∙∙∙∙∙∙∙∙▒ ∙
▒▒▒▒▒▒∙▒▒▒9▒▒▒▒▒
∙∙ ∙∙∙∙∙∙∙▒▒▒O∙▒
▒∙∙ ▒∙∙∙▒∙▒▒▒∙▒
▒∙∙▒▒∙∙▒∙∙∙∙∙∙▒
▒∙∙∙∙▒∙∙∙▒▒▒▒▒
▒∙∙▒∙∙∙^▒ ▒∙∙▒▒∙▒
▒∙∙▒▒∙▒ ∙∙▒∙∙∙∙▒


You could see a two-headed ogre.

Vanquished Creatures
  An orc warrior (D:4)
  A black bear (D:5)
  A necrophage (D:6)
  3 sky beasts
  5 ogres
  A centaur (D:7)
  A bullfrog (D:8)
  A kobold brigand (D:6)
  2 gnoll sergeants
  A scorpion (D:5)
  A wyvern skeleton (D:7)
  A water moccasin skeleton (D:7)
  4 killer bees (D:7)
  A howler monkey (D:5)
  3 centaur zombies
  A gnoll shaman (D:5)
  2 hounds
  An orc priest (D:7)
  6 iguanas
  4 orc wizards
  2 hound skeletons (D:4)
  Robin (D:2)
  17 gnolls
  5 adders
  An ufetubus (D:5)
  An adder skeleton (D:4)
  5 worms
  A dart slug (D:3)
  16 orcs
  5 ball pythons
  3 bats
  5 endoplasms
  10 goblins
  11 hobgoblins
  11 kobolds
  A quokka (D:1)
  14 frilled lizards
  2 rats (D:3)
152 creatures vanquished.

Vanquished Creatures (others)
  A goblin (D:2)
  8 plants (D:2)
9 creatures vanquished.

Grand Total: 161 creatures vanquished

Notes
Turn   | Place    | Note
-------+----------+-------------------------------------------
     0 | D:1      | Zeor the Gargoyle Gladiator began the quest for the Orb.
     0 | D:1      | Reached XP level 1. HP: 12/12 MP: 1/1
   289 | D:1      | Reached XP level 2. HP: 7/17 MP: 2/2
   919 | D:1      | Reached XP level 3. HP: 22/22 MP: 3/3
  1849 | D:2      | Noticed Robin
  1867 | D:2      | Killed Robin
  1868 | D:2      | Reached skill level 1 in Armour
  1874 | D:2      | Reached XP level 4. HP: 5/27 MP: 4/4
  2258 | D:2      | Found a hide-covered altar of Uskayaw.
  2734 | D:2      | Reached skill level 1 in Stealth
  2963 | D:3      | Reached skill level 4 in Staves
  3213 | D:3      | Found a faded altar of an unknown god.
  3531 | D:3      | Found a runed translucent gate.
  3531 | D:3      | Found a runed translucent gate.
  3531 | D:3      | Found a runed translucent gate.
  3535 | D:3      | Noticed pkoi's ghost (amateur DgVM)
  4176 | D:4      | Identified a scroll of acquirement
  4176 | D:4      | Acquired a +0 arbalest of freezing
  4296 | D:4      | Reached XP level 5. HP: 25/32 MP: 5/5
  4687 | D:4      | Noticed an ogre
  4701 | D:4      | Killed an ogre
  4702 | D:4      | Reached XP level 6. HP: 20/37 MP: 6/6
  4968 | D:4      | Found an iron altar of Okawaru.
  4990 | D:4      | Noticed an orc warrior
  5011 | D:4      | Killed an orc warrior
  5012 | D:4      | Reached skill level 5 in Staves
  5421 | D:4      | Reached XP level 7. HP: 41/41 MP: 7/7
  5520 | D:5      | Entered Level 5 of the Dungeon
  5706 | D:5      | Reached skill level 5 in Armour
  5818 | D:5      | Reached skill level 6 in Staves
  5822 | D:5      | Reached XP level 8. HP: 18/48 MP: 8/8
  6046 | D:5      | You fall into a shaft and drop 3 floors!
  6330 | D:7      | Reached skill level 5 in Fighting
  6484 | D:7      | Reached skill level 7 in Staves
  6776 | D:6      | Found a shimmering altar of Xom.
  6776 | D:6      | Found a glowing silver altar of Zin.
  6776 | D:6      | Found an ancient bone altar of Kikubaaqudgha.
  6776 | D:6      | Found a bloodstained altar of Trog.
  6779 | D:6      | Found a hazy altar of Hepliaklqana.
  6813 | D:6      | Reached XP level 9. HP: 55/55 MP: 9/9
  6906 | D:6      | Reached skill level 8 in Staves
  7251 | D:5      | Got Athreokkyng's Almanac of Flight
  8050 | D:6      | Found a staircase to the Ecumenical Temple.
  8060 | Temple   | Entered the Ecumenical Temple
  8093 | Temple   | Became a worshipper of the Wu Jian Council
  8407 | D:7      | Found Geresung's Armour Emporium.
  8740 | D:7      | Found a sacrificial altar of Ru.
  9073 | D:8      | Noticed a two-headed ogre
  9117 | D:8      | Found a stormy altar of Qazlal.
  9191 | D:8      | Noticed a two-headed ogre
  9213 | D:8      | Slain by a two-headed ogre

Illustrated notes

Levels and vault maps discovered:
D:1:      mushboom_english_gardens, layout_loops_corners, minmay_domino_4
D:2:      layout_basic, basic_altar, minmay_lizard_king, uniq_robin
D:3:      layout_loops_corners, ebering_ecumenical_altar_rust,
          ebering_ghost_rock_garden, kennysheep_generic_room_16
D:4:      layout_basic, mainiacjoe_overflow_boulevard
D:5:      layout_rooms
D:6:      layout_basic, nicolae_overflow_hidden_temple,
          minmay_temple_entry_nine_rooms
D:7:      layout_basic, mainiacjoe_overflow_cross_hatched, enter_bailey_6,
          nicolae_inconvenience_store, grunt_ministairs_12,
          chequers_serial_rivers_room_b
D:8:      layout_rooms, nicolae_qazlal_general_emergency,
          minmay_misc_feat_diagonals, minivault_26, uniq_gastronok
Temple:   cyrus_circular_temple

Skill      XL: |  1  2  3  4  5  6  7  8  9 |
---------------+----------------------------+-----
Armour         | 1 3 4 5 6 7 |  7.6
Stealth        | 1 2 |  2.1
Staves         | 4 5 6 7 8 |  8.7
Fighting       | 3 4 5 6 |  6.1
Throwing       | 2 |  2.0
Dodging        | 3 |  3.4

Action                   |  1- 3 |  4- 6 |  7- 9 || total
-------------------------+-------+-------+-------++-------
Melee: Quarterstaff      |    97 |   142 |   369 ||   608
       Whip              |       |       |    16 ||    16
Throw: Throwing net      |       |     3 |     1 ||     4
       Dart              |       |       |     3 ||     3
Invok: Lunge             |       |       |     6 ||     6
  Use: Scroll            |     4 |    10 |     6 ||    20
       Potion            |     2 |       |     3 ||     5
 Stab: Invisible         |     4 |     1 |       ||     5
       Held in net/web   |       |     3 |     2 ||     5
Armor: Chain mail        |    42 |    51 |   254 ||   347
       Leather armour    |     1 |       |       ||     1
Dodge: Dodged            |    45 |    40 |   164 ||   249
